 Dungeon Crawl Stone Soup version 0.29.1-1-gd02db6906a (webtiles) character file.

Game seed: 6248281061766556291

18917 sentinel the Thrower (level 13, -7/108 HPs)
             Began as a Meteoran Earth Elementalist on Sept 29, 2022.
             Was an Elder of Cheibriados.
             Mangled by a manticore (9 damage)
             ... on level 4 of the Shoals.
             The game lasted 01:34:05 (2245 turns).

sentinel the Thrower (Meteoran Earth Elementalist)  Turns: 2245, Time: 01:34:06

Health: -7/108     AC: 10    Str: 20    XL:     13   Next: 28%
Magic:  17/27      EV: 21    Int: 29    God:    Cheibriados [****..]
Gold:   0          SH:  0    Dex: 25    Spells: 14/30 levels left

rFire   . . .      SeeInvis .   u - staff of cold {!a}
rCold   + . .      Faith    .   (no shield)
rNeg    . . .      Spirit   .   a - +0 robe
rPois   .          Reflect  .   h - +2 hat
rElec   .          Harm     .   c - +2 cloak
rCorr   .          Rampage  .   (no gloves)
Will    +....                   D - +2 pair of boots
Stlth   +.........              e - amulet of magic regeneration
HPRegen 0.28/turn               v - +4 ring of evasion
MPRegen 0.60/turn               J - +4 ring of evasion

@: brilliant, spiked, glowing, very slow
A: sense surroundings 2, otherworldly, glowing, explore regen
a: Renounce Religion, Bend Time, Temporal Distortion, Slouch


You were on level 4 of the Shoals.
You worshipped Cheibriados.
Cheibriados was greatly pleased with you.
You visited 3 branches of the dungeon, and saw 17 of its levels.
You visited the Abyss 1 time.

Inventory:

Hand Weapons
 b - a +0 dire flail of flaming
 g - a +3 whip of electrocution
Missiles
 k - 6 atropa-tipped darts
 p - 4 curare-tipped darts
 G - 8 boomerangs (quivered)
Armour
 a - a +0 robe (worn)
 c - a +2 cloak (worn)
 h - a +2 hat (worn)
 s - a +0 troll leather armour
 x - +0 acid dragon scales
 D - a +2 pair of boots (worn)
Magical Staves
 u - a staff of cold (weapon) {!a}
Jewellery
 e - an amulet of magic regeneration (around neck)
 v - a +4 ring of evasion (left hand)
 J - a +4 ring of evasion (right hand)
Wands
 H - a wand of mindburst (4)
 I - a wand of iceblast (1)
Scrolls
 r - a scroll of amnesia
 B - 2 scrolls of brand weapon
Potions
 l - a potion of attraction {unknown}
 w - 2 potions of might {unknown}
 A - a potion of berserk rage {unknown}
 C - a potion of magic
 K - a potion of heal wounds {unknown}


   Skills:
 - Level 8.3 Fighting
 - Level 13.0 Throwing
 - Level 2.4 Dodging
 - Level 1.4 Stealth
 - Level 9.0 Spellcasting
 + Level 6.6 Conjurations
 + Level 6.6 Hexes
 - Level 1.0 Summonings
 - Level 9.0 Translocations
 - Level 1.2 Transmutations
 - Level 6.8 Earth Magic
 - Level 8.0 Invocations
 + Level 4.1 Evocations


You had 14 spell levels left.
You knew the following spells:

 Your Spells              Type           Power      Damage    Failure   Level
a - Sandblast             Erth           100%       2d20      1%          1
b - Stone Arrow           Conj/Erth      100%       3d13      1%          3
c - Passwall              Tmut/Erth      44%        N/A       1%          2
d - Summon Small Mammal   Summ           100%       N/A       2%          1
e - Fulminant Prism       Conj/Hex       33%        3d16      2%          4
g - Apportation           Tloc           100%       N/A       1%          1
z - Passage of Golubria   Tloc           78%        N/A       1%          4

Your spell library contained the following spells:

 Spells                   Type           Power      Damage    Failure   Level
 Dazzling Flash           Conj/Hex       100%       N/A       1%          3
 Necrotise                Necr           76%        1d7       4%          1
 Mephitic Cloud           Conj/Pois/Air  38%        N/A       4%          3
 Petrify                  Tmut/Erth      53%        N/A       8%          4
 Metabolic Englaciation   Hex/Ice        32%        N/A       30%         5
 Silence                  Hex/Air        24%        N/A       30%         5
 Statue Form              Tmut/Erth      35%        N/A       77%         6
 Enfeeble                 Hex            33%        N/A       93%         7
 Lehudib's Crystal Spear  Conj/Erth      34%        10d9      100%        8


Dungeon Overview and Level Annotations

Branches:
Dungeon (11/15) Zot: 6741    Lair (3/5) D:9 Zot: 2395  Shoals (4/4) Lair:3 Zot: 3338
 Temple: D:4-7        Snake: Lair:2-3    Spider: Lair:2-3       Orc: D:9-12

Altars:
Cheibriados
Dithmenos
Fedhas
Trog
Wu Jian
Xom

Shops:
D:2 =   D:11 *

Annotations:
D:9 exclusion: downstairs
D:11 1 exclusion
Shoals:2 3 runed translucent doors, MeekVeins's ghost, journeyman MeAK
Shoals:3 Polyphemus
Shoals:4 Mara


Innate Abilities, Weirdness & Mutations

You passively map the area around you.
You are easily found by Zot.
You glow in the dark.
You regain HP and MP as you explore.


Message History

You hear an angry hiss.
You hear a bleat!
You hear a shout!
You hear a screech!
You hear a shout!
Casting: Stone Arrow (safe; 1% risk of failure)
Confirm with . or Enter, or press ? or * to list all spells.
Aiming: Stone Arrow (safe; 1% risk of failure)
Press: ? - help, Shift-Dir - straight line, f/p - manticore
Aim: a manticore (almost dead, 87% to hit)
You feel a surge of power!
The stone arrow hits the manticore!
You kill the manticore!
Cheibriados appreciates the change of pace.
Your Evocations skill increases to level 4!
Casting: Stone Arrow (safe; 1% risk of failure)
Confirm with . or Enter, or press ? or * to list all spells.
Aiming: Passage of Golubria (mildly dangerous; 1% risk of failure)
Press: ? - help, Dir - move target You feel a surge of power!
Okay, then.
Okay, then.
You swing at nothing.
A satyr comes into view. It is wielding a +0 spear.
Unknown command.
Okay, then.
Casting: Passage of Golubria (mildly dangerous; 1% risk of failure)
Confirm with . or Enter, or press ? or * to list all spells.
Aiming: Fulminant Prism (mildly dangerous; 2% risk of failure)
Press: ? - help, Dir - move target You feel a surge of power!
You conjure a prism of explosive energy!
A fulminant prism comes into view.
The satyr unwields a +0 spear.
The satyr wields a +0 longbow.
The satyr shoots an arrow.
The arrow hits you but does no damage.
Okay, then.
Aiming: Mindburst
Press: ? - help, Shift-Dir - straight line, f - satyr
Aim: a satyr, wielding a +0 longbow (ally target, chance to affect: 64%)
Okay, then.
Okay, then.
Casting: Fulminant Prism (mildly dangerous; 2% risk of failure)
Confirm with . or Enter, or press ? or * to list all spells.
Aiming: Stone Arrow (safe; 1% risk of failure)
Press: ? - help, Shift-Dir - straight line, f - satyr
Aim: a satyr, wielding a +0 longbow (ally target, 72% to hit)
Okay, then.
Throw: 8 boomerangs
Press: ? - help, Q - select action, (/) - cycle Shift-Dir - straight line, f - satyr
Aim: a satyr, wielding a +0 longbow (ally target, 68% to hit)
You throw a boomerang. The boomerang barely misses the satyr.
Throw: 8 boomerangs
Press: ? - help, Q - select action, (/) - cycle Shift-Dir - straight line, f/p - satyr
Aim: a satyr, wielding a +0 longbow (ally target, 68% to hit)
You throw a boomerang. The boomerang closely misses the satyr.
Your fulminant prism crackles loudly.
The satyr plays a frightful melody on his pipes!
The satyr radiates an aura of fear!
You are terrified of the satyr!
A water elemental comes into view.
Throw: 8 boomerangs
Press: ? - help, Q - select action, (/) - cycle Shift-Dir - straight line, f/p - satyr
Aim: a satyr, wielding a +0 longbow (inspiring fear, ally target, 68% to hit)
Okay, then.
Casting: Stone Arrow (safe; 1% risk of failure)
Confirm with . or Enter, or press ? or * to list all spells.
Aiming: Stone Arrow (safe; 1% risk of failure)
Press: ? - help, Shift-Dir - straight line, f/p - satyr
Aim: a satyr, wielding a +0 longbow (inspiring fear, ally target, 72% to hit)
You feel a surge of power!
The stone arrow hits the satyr!
The satyr is lightly wounded.
You feel less wooden.
Your +2 cloak unmelds from your body.
Your +2 hat unmelds from your body.
Your +2 pair of boots unmelds from your body.
Your +0 robe unmelds from your body.
You carefully extract the barbed spikes from your body.
Your fulminant prism explodes!
The blast of energy engulfs the satyr!!!
The satyr is severely wounded.
You hear an angry hiss.
The satyr shoots an arrow.
The arrow completely misses you.
You hear an angry hiss.
Okay, then.
Aiming: Iceblast
Press: ? - help, Shift-Dir - straight line, f/p - satyr
Aim: a satyr, wielding a +0 longbow (severely wounded, inspiring fear)
The mass of ice explodes!
The iceblast engulfs the satyr!
The satyr is almost dead.
Cheibriados thoroughly appreciates the change of pace.
You feel a bit more experienced.
You hear an angry hiss.
You hear a bellow!
Training target 13.0 for Throwing reached!
Your Throwing skill increases to level 13!
Aiming: Iceblast
Press: ? - help, Shift-Dir - straight line, f/p - satyr
Aim: a satyr, wielding a +0 longbow (almost dead, inspiring fear)
Okay, then.
Okay, then.
Casting: Stone Arrow (safe; 1% risk of failure)
Confirm with . or Enter, or press ? or * to list all spells.
Aiming: Stone Arrow (safe; 1% risk of failure)
Press: ? - help, Shift-Dir - straight line, f/p - satyr
Aim: a satyr, wielding a +0 longbow (almost dead, inspiring fear, 72% to hit)
You feel a surge of power!
The stone arrow misses the satyr.
A manticore comes into view.
Casting: Stone Arrow (safe; 1% risk of failure)
Confirm with . or Enter, or press ? or * to list all spells.
Okay, then.
A satyr comes into view. It is wielding a +0 quarterstaff.
A manticore comes into view.
The manticore flicks its tail.
The volley of spikes hits you.
The barbed spikes become lodged in your body.
The water elemental hits you!
The water elemental engulfs you in water!
The satyr shoots an arrow.
The arrow barely misses you.
The manticore flicks its tail.
The volley of spikes misses you.
You hear a shout!
The barbs in your skin will harm you if you move.
Continue?
You slip free of the water engulfing you.
You enter the passage of Golubria. 2 manticores come into view.
The barbed spikes dig painfully into your body as you move.
You gasp with relief as air once again reaches your lungs.
A satyr comes into view. It is wielding a +0 spear.
The manticore flicks its tail.
The volley of spikes misses you.
The manticore flicks its tail.
The volley of spikes hits you but does no damage.
The manticore flicks its tail.
The volley of spikes misses you.
The manticore flicks its tail.
The volley of spikes misses you.
The manticore flicks its tail.
The volley of spikes hits you!
The barbed spikes become lodged in your body.
Found 2 potions of flight and a scroll labelled XATIUR ISI YRIE.
There is a passage of Golubria here.
You see here a curare-tipped dart.
Okay, then.
As you read the scroll of fear, it crumbles to dust.
You assume a fearsome visage.
The manticore looks frightened!
The satyr looks frightened!
The manticore looks frightened! x2
The manticore resists with some effort.
The satyr looks frightened!
The water elemental is unaffected.
You are no longer terrified.
A faun comes into view. It is wielding a +0 quarterstaff.
The satyr plays a lulling melody on his pipes!
You fall asleep.
Cornered, the manticore turns to fight!
The manticore bites you!
You wake up.
* * * LOW HITPOINT WARNING * * *
The manticore claws you!
You die...

...~ #~~~#* , * ,
.~~~ #~~)##, , , , ,
~ ~~~~~##~E~## * * ~~
* ~~~~~~.#~!E# * ~#
*, , ~~~~~~~)#~cH#~
,### ~## ,,
~~~~~~~~.#H~m## ..
c~', ,
≈≈≈≈≈≈≈≈≈###~)~##.~Hc
, ≈≈≈≈≈≈≈≈≈≈
*##~(H#.#~ **
≈≈≈≈≈≈≈≈≈≈≈~ #@.!#**
~ , ≈≈≈≈≈≈≈≈≈≈≈≈~
#.#..~~?. ~
≈≈≈≈≈≈≈≈≈≈≈≈≈ ~≈≈#
#.... *
≈≈≈≈≈≈≈≈≈≈≈≈≈≈≈≈≈≈
.## ~ ~ ~ ~ ≈≈≈≈≈ ~ ~
≈≈≈≈≈≈≈ ~ ~ ~ ~
≈≈≈≈≈≈≈≈~~ ~ ~~~ ~
≈≈≈≈≈≈≈≈≈≈~ ~ ~ ~ ~ ~
~~~~ ~~~


You could see 2 satyrs, a faun, 4 manticores, a water elemental and a water
nymph.

Vanquished Creatures
  3 merfolk impalers
  A boulder beetle (Lair:2)
  An alligator snapping turtle (Shoals:4)
  4 two-headed ogres
  Pikel (D:9)
  5 harpies (Shoals:2)
  A manticore (Shoals:4)
  An ugly thing (D:11)
  5 elephants (Lair:2)
  A faun (Shoals:4)
  A cane toad (Lair:2)
  2 komodo dragons
  A kobold demonologist (D:10)
  A troll (D:11)
  3 merfolk
  2 wind drakes
  14 yaks
  A water elemental (Shoals:2)
  4 wyverns
  A basilisk (D:9)
  A steam dragon (D:9)
  Edmund (D:4)
  3 water moccasins
  An acid dragon (D:10)
  2 orc warriors
  A swamp drake (D:9)
  A centaur (D:9)
  A lemure (D:9)
  2 kobold brigands
  5 bullfrogs
  A necrophage (D:8)
  A gnoll sergeant (D:10)
  3 wights (D:9)
  13 killer bees
  3 howler monkeys (D:9)
  A jelly (D:5)
  2 orc priests
  2 gnoll boudas
  3 iguanas (D:6)
  4 orc wizards
  7 hell rats (Lair:1)
  13 gnolls
  4 adders
  A dart slug (D:3)
  17 orcs
  2 bats (D:2)
  4 endoplasms
  A giant cockroach (D:3)
  2 goblins
  2 hobgoblins
  2 quokkas
  11 kobolds
  2 rats (D:3)
  A fulminant prism (Shoals:2)
173 creatures vanquished.

Vanquished Creatures (others)
  14 fulminant prisms
  4 fungi
  16 plants
34 creatures vanquished.

Grand Total: 207 creatures vanquished

Notes
Turn   | Place    | Note
-------+----------+-------------------------------------------
     0 | D:1      | sentinel the Meteoran Earth Elementalist began the quest
                  | for the Orb.
     0 | D:1      | Reached XP level 1. HP: 14/14 MP: 5/5
    62 | D:1      | Learned a level 1 spell: Apportation
    64 | D:1      | Learned a level 1 spell: Summon Small Mammal
    74 | D:2      | Found Yfaiwufo's Jewellery Boutique.
    77 | D:2      | Reached XP level 2. HP: 20/20 MP: 4/6
    80 | D:2      | Learned a level 2 spell: Passwall
   173 | D:2      | Reached skill level 5 in Earth Magic
   173 | D:2      | Reached XP level 3. HP: 26/26 MP: 5/8
   198 | D:2      | Reached XP level 4. HP: 22/33 MP: 5/9
   205 | D:2      | Learned a level 3 spell: Stone Arrow
   217 | D:3      | Found a faded altar of an unknown god.
   242 | D:4      | Noticed Edmund
   305 | D:3      | Found a snail-covered altar of Cheibriados.
   317 | D:3      | Became a worshipper of Cheibriados the Contemplative
   381 | D:3      | Reached skill level 1 in Conjurations
   418 | D:5      | Entered Level 5 of the Dungeon
   460 | D:4      | Killed Edmund
   461 | D:4      | Reached skill level 1 in Summonings
   461 | D:4      | Reached XP level 5. HP: 28/38 MP: 3/10
   461 | D:4      | Reached XP level 6. HP: 33/45 MP: 3/11
   536 | D:5      | Reached skill level 1 in Translocations
   564 | D:5      | Found a shimmering altar of Xom.
   622 | D:6      | Reached * piety under Cheibriados
   623 | D:6      | Reached XP level 7. HP: 33/50 MP: 8/12
   637 | D:6      | Reached skill level 5 in Conjurations
   681 | D:6      | Noticed a water moccasin
   688 | D:6      | Killed a water moccasin
   727 | D:6      | Reached XP level 8. HP: 19/57 MP: 2/16
   737 | D:6      | Reached skill level 5 in Spellcasting
   782 | D:5      | Noticed a yak
   782 | D:5      | Noticed a yak
   783 | D:5      | Noticed a yak
   786 | D:5      | Noticed a yak
   790 | D:6      | Killed a yak
   801 | D:6      | You fall into a shaft and drop 3 floors!
   801 | D:9      | Found an ornate altar of the Wu Jian Council.
   807 | D:9      | Noticed a steam dragon
   813 | D:9      | Killed a steam dragon
   823 | D:9      | Reached skill level 5 in Translocations
   861 | D:9      | Gained mutation: You passively map the area around you.
                  | [Meteoran growth]
   861 | D:9      | Reached XP level 9. HP: 44/62 MP: 4/20
   883 | D:9      | Learned a level 4 spell: Passage of Golubria
   915 | D:9      | Reached ** piety under Cheibriados
   949 | D:8      | Noticed a two-headed ogre
   953 | D:8      | Killed a two-headed ogre
   954 | D:8      | Reached skill level 3 in Throwing
   980 | D:9      | Noticed Pikel
   989 | D:9      | Killed Pikel
   990 | D:9      | Reached skill level 5 in Throwing
   990 | D:9      | Reached XP level 10. HP: 67/80 MP: 5/24
  1020 | D:10     | Entered Level 10 of the Dungeon
  1083 | D:11     | Noticed a two-headed ogre
  1083 | D:11     | Noticed a two-headed ogre
  1086 | D:11     | Reached skill level 5 in Fighting
  1092 | D:11     | Killed a two-headed ogre
  1093 | D:11     | Reached skill level 7 in Throwing
  1093 | D:11     | Reached skill level 8 in Throwing
  1119 | D:11     | Killed a two-headed ogre
  1120 | D:11     | Reached skill level 9 in Throwing
  1146 | D:10     | Reached *** piety under Cheibriados
  1163 | D:11     | Reached skill level 10 in Throwing
  1250 | D:11     | Found Yxtext's Assorted Antiques.
  1257 | D:11     | Reached XP level 11. HP: 86/86 MP: 11/25
  1266 | D:11     | Noticed a green ugly thing
  1273 | D:11     | Killed a green ugly thing
  1274 | D:11     | Reached skill level 11 in Throwing
  1313 | D:10     | Found a shadowy altar of Dithmenos.
  1389 | D:9      | Reached **** piety under Cheibriados
  1394 | D:9      | Reached skill level 12 in Throwing
  1444 | D:8      | Found a bloodstained altar of Trog.
  1491 | D:8      | Got the Omnibus of the Shrike
  1664 | D:10     | Noticed a two-headed ogre
  1667 | D:10     | Killed a two-headed ogre
  1671 | D:10     | Found a blossoming altar of Fedhas.
  1719 | D:9      | Reached skill level 1 in Invocations
  1728 | D:9      | Found a staircase to the Lair.
  1734 | Lair:1   | Entered Level 1 of the Lair of Beasts
  1759 | Lair:1   | Reached skill level 5 in Invocations
  1844 | Lair:2   | Noticed a boulder beetle
  1848 | Lair:2   | Noticed an elephant
  1929 | Lair:2   | Reached XP level 12. HP: 79/94 MP: 15/26
  1964 | Lair:2   | Killed a boulder beetle
  1991 | Lair:3   | Found a staircase to the Shoals.
  2009 | Lair:3   | Learned a level 4 spell: Fulminant Prism
  2010 | Shoals:1 | Entered Level 1 of the Shoals
  2020 | Shoals:1 | Reached skill level 1 in Hexes
  2029 | Shoals:2 | Noticed a harpy
  2030 | Shoals:2 | Noticed a harpy
  2030 | Shoals:2 | Noticed a harpy
  2031 | Shoals:2 | Noticed a harpy
  2031 | Shoals:2 | Noticed a harpy
  2032 | Shoals:2 | Killed a harpy
  2032 | Shoals:2 | Killed a harpy
  2032 | Shoals:2 | Killed a harpy
  2032 | Shoals:2 | Killed a harpy
  2032 | Shoals:2 | Noticed a harpy
  2033 | Shoals:2 | Reached skill level 5 in Hexes
  2033 | Shoals:2 | Reached skill level 1 in Evocations
  2036 | Shoals:2 | Noticed a merfolk impaler
  2046 | Shoals:2 | Noticed a harpy
  2049 | Shoals:2 | Killed a harpy
  2071 | Shoals:1 | Noticed a harpy
  2071 | Shoals:1 | Noticed a harpy
  2079 | Shoals:2 | Found a runed translucent gate.
  2079 | Shoals:2 | Found a runed translucent gate.
  2079 | Shoals:2 | Found a runed translucent gate.
  2085 | Shoals:2 | Noticed a merfolk impaler
  2091 | Shoals:2 | Killed a merfolk impaler
  2093 | Shoals:2 | Reached XP level 13. HP: 48/108 MP: 14/27
  2104 | Shoals:3 | Noticed Polyphemus
  2104 | Shoals:3 | Noticed a catoblepas
  2104 | Shoals:3 | Noticed a death yak
  2104 | Shoals:3 | Noticed a death yak
  2104 | Shoals:3 | Noticed a death yak
  2104 | Shoals:3 | Noticed a death yak
  2112 | Shoals:2 | Noticed a merfolk impaler
  2113 | Shoals:2 | Noticed MeekVeins's ghost (journeyman MeAK)
  2123 | Shoals:2 | Killed a merfolk impaler
  2149 | Shoals:3 | Noticed a merfolk avatar
  2149 | Shoals:3 | Noticed a merfolk javelineer
  2150 | Shoals:3 | Noticed a merfolk aquamancer
  2150 | Shoals:3 | Noticed a merfolk impaler
  2153 | Shoals:4 | Entered Level 4 of the Shoals
  2153 | Shoals:4 | Noticed a merfolk impaler
  2153 | Shoals:4 | Noticed an alligator snapping turtle
  2154 | Shoals:4 | Noticed Mara
  2155 | Abyss:2  | Cast into level 2 of the Abyss (faun)
  2166 | Shoals:4 | Escaped the Abyss
  2167 | Shoals:4 | Noticed a minotaur
  2167 | Shoals:4 | Noticed a satyr
  2169 | Shoals:4 | Noticed a sphinx
  2179 | Shoals:4 | Noticed an alligator snapping turtle
  2194 | Shoals:4 | Killed an alligator snapping turtle
  2218 | Shoals:4 | Killed a merfolk impaler
  2235 | Shoals:4 | Noticed a satyr
  2241 | Shoals:4 | Reached skill level 13 in Throwing
  2242 | Shoals:4 | Noticed a satyr
  2243 | Shoals:4 | Noticed a satyr
  2245 | Shoals:4 | HP: 2/108 [manticore (17)]
  2245 | Shoals:4 | Mangled by a manticore

Illustrated notes

Levels and vault maps discovered:
D:1:      matt_arrival_grand_opening, layout_basic
D:2:      layout_basic, serial_shops, shop, uniq_crazy_yiuf_cottage
D:3:      layout_loops_cross, bloody_makhleb, tso_oasis_becter,
          kennysheep_slug_shrine, ebering_ecumenical_altar_hall, uniq_jessica
D:4:      layout_basic, mainiacjoe_overflow_alcove_1, minmay_misc_feat_plants,
          st_stairs_9, minmay_door_square, minmay_puff, uniq_robin,
          uniq_sigmund, uniq_edmund
D:5:      nicolae_cairo_tiling, layout_loops_ring, lemuel_round_altar
D:6:      layout_layer_cave, vehumet_statue, serial_shops,
          nicolae_shop_temple_entry_statues_fountains
D:8:      layout_loops_ring, mainiacjoe_overflow_cross_hatched,
          minmay_misc_feat_pillars
D:9:      layout_rooms, mainiacjoe_overflow_chevrons, erik_lair_dragon,
          corexii_checkpoint_a, minmay_variable_closet, uniq_pikel
D:10:     layout_roguey, mainiacjoe_overflow_surrounded_room,
          nicolae_dithmenos_the_darkroom, nicolae_shop_clearance
D:11:     layout_cave_pools, serial_shops, shop, eino_jars
Lair:1:   layout_hall_layers
Lair:2:   layout_loops_ring, basic_altar
Lair:3:   layout_hall_layers, elwin_shoals_entry_rocks,
          minmay_snake_entry_guardpost_medium, dreamdust_gnoll_shepherd
Shoals:1: layout_shoals
Shoals:2: layout_shoals, gammafunk_ghost_necromancy,
          nicolae_shoals_goliath_grotto
Shoals:3: layout_shoals, st_shoals_ruin, uniq_polyphemus
Shoals:4: shoals_end_hellmonk_lost_city, uniq_mara

Skill      XL: |  1  2  3  4  5  6  7  8  9 10 11 12 13 |
---------------+----------------------------------------+-----
Earth Magic    | 4 5 6 |  6.8
Conjurations   | 3 4 5 6 |  6.6
Summonings     | 1 |  1.0
Translocations | 1 4 6 7 8 9 |  9.0
Spellcasting   | 4 7 9 |  9.0
Fighting       | 4 5 8 |  8.3
Throwing       | 5 10 12 13 | 13.0
Invocations    | 7 8 |  8.0
Hexes          | 5 6 |  6.6
Evocations     | 2 4 |  4.1
Dodging        | |  2.4
Stealth        | |  1.4
Transmutations | |  1.2

Action                   |  1- 3 |  4- 6 |  7- 9 | 10-12 | 13-15 || total
-------------------------+-------+-------+-------+-------+-------++-------
Melee: Dire flail        |       |     1 |       |       |       ||     1
Throw: Dart              |       |     1 |     3 |       |     2 ||     6
       Boomerang         |       |       |       |    22 |     8 ||    30
       Throwing net      |       |       |       |       |     1 ||     1
 Cast: Sandblast         |    19 |    31 |    39 |    41 |     4 ||   134
       Passwall          |     1 |    10 |     3 |    33 |       ||    47
       Stone Arrow       |       |     7 |    32 |   123 |     7 ||   169
       Summon Small Mamm |       |     1 |       |       |       ||     1
       Apportation       |       |    10 |     8 |    41 |       ||    59
       Passage of Golubr |       |       |     5 |   156 |    12 ||   173
       Fulminant Prism   |       |       |       |     2 |    13 ||    15
Invok: Slouch            |       |       |       |     3 |       ||     3
       Temporal Distorti |       |       |       |     2 |     1 ||     3
Evoke: Wand              |       |     1 |     6 |    14 |    12 ||    33
  Use: Scroll            |       |     1 |     1 |    17 |     8 ||    27
       Potion            |       |     1 |     1 |     2 |     7 ||    11
Armor: Robe              |     4 |     6 |     9 |    30 |     4 ||    53
       Skin              |       |       |       |       |     7 ||     7
Dodge: Dodged            |     3 |    14 |    24 |    94 |    18 ||   153
